 Dungeon Crawl Stone Soup version 0.30-a0-939-gc8157cb160 (webtiles) character file.

Game seed: 1587628293296192449

18212 coolguy69 the Brawler (level 12, -6/60 HPs)
             Began as a Vine Stalker Monk on Mar 25, 2023.
             Was the Champion of Okawaru.
             Mangled by a death yak (14 damage)
             ... on level 3 of the Lair of Beasts.
             The game lasted 00:17:13 (10360 turns).

coolguy69 the Brawler (Vine Stalker Monk)          Turns: 10360, Time: 00:17:14

Health: -6/60      AC: 14    Str: 21    XL:     12   Next: 56%
Magic:  0/16       EV: 24    Int: 10    God:    Okawaru [******]
Gold:   770        SH:  9    Dex: 17    Spells: 11/11 levels left

rFire   . . .      SeeInvis +      - Unarmed
rCold   . . .      Faith    .    f - +3 warlock's mirror {omnireflect}
rNeg    . . .      Spirit   +    G - +0 steam dragon scales
rPois   .          Reflect  +    x - +1 hat {SInv}
rElec   .          Rampage  .    (no cloak)
rCorr   .                        (no gloves)
Will    +....                    w - +1 pair of boots of the Old World {Str+2}
Stlth   +++++                    B - amulet of regeneration
HPRegen 1.90/turn                l - +5 ring of evasion
MPRegen 0.15/turn                i - +4 ring of protection

@: heroic, finesse-ful
A: fangs 3, regeneration 1, magic shield, antimagic bite, no potion heal 2
a: Renounce Religion, Heroism, Finesse, Duel


You were on level 3 of the Lair of Beasts.
You worshipped Okawaru.
Okawaru was exalted by your worship.
You visited 3 branches of the dungeon, and saw 14 of its levels.

You collected 770 gold pieces.

Inventory:

Missiles
 s - 2 throwing nets (quivered)
Armour
 f - the +3 warlock's mirror (worn) {omnireflect}
   (Okawaru gifted it to you on level 10 of the Dungeon)

   Omnireflect: It can block and reflect piercing ranged attacks and magical
   attacks against the wielder's willpower.
 w - the +1 pair of boots of the Old World (worn) {Str+2}
   (Okawaru gifted it to you on level 2 of the Lair of Beasts)

   Str:       It affects your strength (+2).
 x - a +1 hat of see invisible (worn)
 G - +0 steam dragon scales (worn)
Jewellery
 i - a +4 ring of protection (right hand)
 l - a +5 ring of evasion (left hand)
 B - an amulet of regeneration (around neck)
Wands
 u - a wand of quicksilver (1)
 v - a wand of iceblast (7)
 y - a wand of digging (5)
 E - a wand of paralysis (5)
Scrolls
 a - 2 scrolls of identify
 d - 2 scrolls of fog
 e - 2 scrolls of teleportation
 g - 3 scrolls of fear
 n - 2 scrolls of poison
 o - a scroll of silence
 q - 3 scrolls of magic mapping
 t - 3 scrolls of amnesia
 A - 3 scrolls of blinking
 C - a scroll of enchant weapon
 D - a scroll of summoning
 H - a scroll of vulnerability
Potions
 b - 2 potions of ambrosia
 c - a potion of attraction {unknown}
 h - 4 potions of invisibility
 j - 6 potions of flight
 k - a potion of magic
 m - 8 potions of curing
 p - 10 potions of degeneration
 r - 3 potions of brilliance


   Skills:
 + Level 5.2(10.2) Fighting
 + Level 4.2(9.2) Armour
 + Level 7.4(12.4) Dodging
 + Level 7.9(12.9) Stealth
 + Level 3.2(8.2) Shields
 + Level 15.1(20.1) Unarmed Combat
 * Level 4.6 Invocations


You had 11 spell levels left.
You didn't know any spells.
Your spell library contained the following spells:

 Spells                   Type           Power      Damage    Failure   Level
 Slow                     Hex            0%         N/A       43%         1
 Blink                    Tloc           0%         N/A       56%         2
 Cigotuvi's Dreadful Rot  Necr/Pois/Air  0%         N/A       56%         2
 Lesser Beckoning         Tloc           0%         N/A       56%         2
 Momentum Strike          Conj/Tloc      0%         3d8       56%         2
 Poisonous Vapours        Pois/Air       0%         N/A       56%         2
 Confusing Touch          Hex            0%         N/A       80%         3
 Mephitic Cloud           Conj/Pois/Air  0%         N/A       80%         3
 Vampiric Draining        Necr           0%         2d6       80%         3
 Passage of Golubria      Tloc           0%         N/A       99%         4
 Yara's Violent Unravell  Hex/Tmut       0%         3d3       100%        5
 Eringya's Noxious Bog    Tmut/Pois      0%         N/A       100%        6
 Tukima's Dance           Hex            Unusable   N/A       N/A         3
 Summon Forest            Summ/Tloc      Unusable   N/A       N/A         5
 Summon Hydra             Summ           Unusable   N/A       N/A         7

Dungeon Overview and Level Annotations

Branches:
Dungeon (10/15)            Temple (1/1) D:6            Lair (3/5) D:9
 Spider (0/4) Lair:2          Orc (0/2) D:10
  Swamp: Lair:2-3    Shoals: Lair:2-3

Altars:
Ashenzari
Cheibriados
Dithmenos
Elyvilon
Fedhas
Gozag
Hepliaklqana
Kikubaaqudgha
Makhleb
Nemelex Xobeh
Okawaru
Qazlal
Ru
Sif Muna
Trog
Uskayaw
Vehumet
Wu Jian
Xom
Yredelemnul
Zin
The Shining One

Shops:
D:1 =   D:7 *(([?   D:8 !

Portals:
Bailey: D:8


Innate Abilities, Weirdness & Mutations

You have razor-sharp teeth.
Your natural rate of healing is unusually fast.
When hurt, damage is shared between your health and your magic reserves.
Your bite disrupts and absorbs the magic of your enemies.
Potions cannot restore your health.


Message History

The death yak closely misses you. x2
You punch the death yak!
You bite the death yak, but do no damage.
The death yak is severely wounded.
The death yak gores you! You block the death yak's attack.
The death yak closely misses you. The death yak misses you.
You pummel the death yak!! You bite the death yak. You drain its power.
You feel invigorated.
The death yak is almost dead.
The death yak gores you.
The death yak gores you but does no damage.
You block the death yak's attack. The death yak closely misses you.
You punch the death yak!
You kill the death yak!
Okawaru is honoured by your kill.
You barely miss the death yak. Your bite misses the death yak.
The death yak gores you! You block the death yak's attack.
The death yak closely misses you.
You are too injured to fight recklessly!
You are too injured to fight recklessly!
You are too injured to fight recklessly!
You pummel the death yak!! You bite the death yak. You drain its power.
You feel invigorated.
The death yak is moderately wounded.
The death yak misses you. The death yak gores you!!
* * * LOW HITPOINT WARNING * * *
You block the death yak's attack.
You hit the death yak.
The death yak is heavily wounded.
You barely miss the death yak. You bite the death yak. You drain its power.
You feel invigorated.
The death yak is heavily wounded.
You block the death yak's attack. The death yak misses you.
The death yak gores you!
* * * LOW HITPOINT WARNING * * *
You can now deal lightning-fast blows.
The death yak gores you!
* * * LOW HITPOINT WARNING * * *
The death yak barely misses you. The death yak gores you!
You die...

###############
.###.#..#.##..#.P##.
...................<
#.........Y...... ##
#........@Y......
##.####....###.#Y..#...
##.....##...#####..##
.............# .##
#...........## ..
#.....#......# .#
.###..##.....# .#
###.#####...## ..
#P.##.##P...#


You could see 3 death yaks.

Vanquished Creatures
  Gastronok (Lair:1)
  3 death yaks (Lair:3)
  An orb spider (Lair:2)
  3 cane toads
  A polar bear (Lair:2)
  2 hornets
  A shadow (D:9)
  41 yaks
  3 basilisks
  4 wyverns
  3 steam dragons
  3 wargs (D:10)
  An acid dragon (D:10)
  5 water moccasins
  3 orc warriors
  An ice beast (D:7)
  A sky beast (D:7)
  6 centaurs
  A black bear (D:7)
  2 ogres
  13 wolves (Lair:2)
  2 phantoms
  8 bullfrogs
  2 scorpions (D:4)
  2 gnoll sergeants
  5 wights (D:10)
  5 killer bees (D:10)
  3 electric eels (D:7)
  10 howler monkeys
  4 jellies
  2 hounds
  3 orc priests
  A gnoll bouda (D:5)
  A sleepcap (D:7)
  3 iguanas
  9 orc wizards
  9 adders
  13 gnolls
  A shadow imp (D:8)
  A white imp (D:4)
  An ufetubus (D:4)
  2 worms
  4 dart slugs
  36 orcs
  8 ball pythons
  7 endoplasms
  6 giant cockroaches
  18 goblins
  11 hobgoblins
  4 jackals (D:4)
  10 kobolds
  4 quokkas
  4 bats
  2 frilled lizards
  4 rats
304 creatures vanquished.

Vanquished Creatures (others)
  4 fungi
  28 plants
32 creatures vanquished.

Grand Total: 336 creatures vanquished

Notes
Turn   | Place    | Note
-------+----------+-------------------------------------------
     0 | D:1      | coolguy69 the Vine Stalker Monk began the quest for the
                  | Orb.
     0 | D:1      | Reached XP level 1. HP: 11/11 MP: 2/2
    71 | D:1      | Found Netober's One-of-a-Kind Rings.
   158 | D:1      | Reached XP level 2. HP: 15/16 MP: 3/3
   276 | D:1      | Found a faded altar of an unknown god.
  1065 | D:2      | Reached XP level 3. HP: 17/19 MP: 4/4
  1685 | D:2      | Gained mutation: Your natural rate of healing is unusually
                  | fast. [Vine Stalker growth]
  1685 | D:2      | Reached XP level 4. HP: 24/24 MP: 5/5
  1869 | D:3      | Reached skill level 4 in Unarmed Combat
  2250 | D:3      | Reached XP level 5. HP: 28/28 MP: 6/6
  2707 | D:4      | Reached skill level 5 in Unarmed Combat
  2707 | D:4      | Reached XP level 6. HP: 32/32 MP: 5/7
  2747 | D:4      | Reached skill level 1 in Armour
  2861 | D:4      | Reached skill level 6 in Unarmed Combat
  2971 | D:4      | Reached XP level 7. HP: 36/36 MP: 8/8
  3281 | D:5      | Entered Level 5 of the Dungeon
  4020 | D:6      | Reached skill level 7 in Unarmed Combat
  4052 | D:6      | Gained mutation: You have razor-sharp teeth. [Vine Stalker
                  | growth]
  4052 | D:6      | Reached XP level 8. HP: 15/40 MP: 2/9
  4172 | D:6      | Found a hide-covered altar of Uskayaw.
  4206 | D:6      | Identified the amulet "Noed" {Faith Dex+3}
  4632 | D:6      | Found a staircase to the Ecumenical Temple.
  4679 | Temple   | Entered the Ecumenical Temple
  4764 | Temple   | Became a worshipper of Warmaster Okawaru
  4764 | Temple   | Reached * piety under Okawaru
  4764 | Temple   | Reached ** piety under Okawaru
  4785 | D:7      | Found Lautt's Weapon Shoppe.
  4816 | D:7      | Reached skill level 8 in Unarmed Combat
  4888 | D:7      | Reached skill level 5 in Stealth
  4943 | D:7      | Reached XP level 9. HP: 44/44 MP: 8/10
  4949 | D:7      | Reached skill level 9 in Unarmed Combat
  4953 | D:7      | Found Vimut's Magic Scroll Shop.
  4970 | D:7      | Found Ygegiq's Armour Boutique.
  5026 | D:7      | Found Ruuf Ygo's Weapon Shoppe.
  5088 | D:7      | Found Eseel's General Store.
  5463 | D:7      | Reached *** piety under Okawaru
  5539 | D:8      | Reached skill level 10 in Unarmed Combat
  5657 | D:8      | Noticed a hornet
  5662 | D:8      | Paralysed by a hornet for 3 turns
  5668 | D:8      | Killed a hornet
  5669 | D:8      | Reached skill level 5 in Dodging
  5900 | D:8      | Reached **** piety under Okawaru
  5915 | D:8      | Found Inien's Distillery.
  6061 | D:8      | Found a flagged portal.
  6162 | D:9      | Reached skill level 11 in Unarmed Combat
  6162 | D:9      | Reached XP level 10. HP: 49/49 MP: 11/11
  6315 | D:9      | Reached ***** piety under Okawaru
  6333 | D:9      | Reached skill level 12 in Unarmed Combat
  6377 | D:9      | Identified the +3 robe "Hoqe" {rC+ rN+}
  6534 | D:9      | Found a staircase to the Lair.
  6598 | D:9      | Reached XP level 11. HP: 32/54 MP: 12/12
  6651 | D:9      | Reached skill level 13 in Unarmed Combat
  6978 | D:10     | Entered Level 10 of the Dungeon
  7008 | D:10     | Found a staircase to the Orcish Mines.
  7039 | D:10     | Received a gift from Okawaru
  7039 | D:10     | Found the +3 warlock's mirror {omnireflect}
  7048 | D:10     | Reached skill level 5 in Fighting
  8058 | D:10     | Found a glowing golden altar of the Shining One.
  8064 | D:10     | Found a stormy altar of Qazlal.
  8069 | D:10     | Found a white marble altar of Elyvilon.
  8131 | D:10     | Reached skill level 1 in Shields
  8229 | Lair:1   | Entered Level 1 of the Lair of Beasts
  8328 | Lair:1   | Reached skill level 1 in Invocations
  8435 | Lair:1   | Noticed Gastronok
  8437 | Lair:1   | Reached skill level 14 in Unarmed Combat
  8458 | Lair:1   | HP: 1/55 [Gastronok (19)]
  8460 | Lair:1   | Killed Gastronok
  8742 | Lair:1   | Identified the +1 robe "Wuoxues" {rC+}
  9313 | Lair:2   | Reached XP level 12. HP: 47/60 MP: 11/15
  9348 | Lair:2   | Found a hole to the Spider Nest.
  9595 | Lair:2   | Reached ****** piety under Okawaru
 10184 | Lair:2   | Identified the +1 pair of boots of the Old World {Str+2}
                  | (Okawaru gifted it to you on level 2 of the Lair of Beasts)
 10184 | Lair:2   | Received a gift from Okawaru
 10334 | Lair:3   | Noticed a death yak
 10334 | Lair:3   | Noticed a death yak
 10336 | Lair:3   | Noticed a death yak
 10336 | Lair:3   | Noticed a death yak
 10337 | Lair:3   | Noticed a death yak
 10337 | Lair:3   | Noticed a death yak
 10342 | Lair:3   | Killed a death yak
 10347 | Lair:3   | Killed a death yak
 10348 | Lair:3   | Reached skill level 15 in Unarmed Combat
 10355 | Lair:3   | Killed a death yak
 10360 | Lair:3   | Mangled by a death yak

Illustrated notes

Levels and vault maps discovered:
D:1:      dpeg_arrival_rooms_a, layout_loops_cross,
          ebering_ecumenical_altar_abandoned, nicolae_shop_unique_rings,
          kennysheep_flooded_box, minmay_misc_feat_iff, st_stairs_12,
          chequers_serial_rivers_micro_b, minmay_domino_2
D:2:      layout_loops_ring
D:3:      layout_loops_ring, kennysheep_generic_room_3
D:4:      layout_gridville, minmay_goblin_outpost
D:5:      layout_cave_pools
D:6:      layout_loops_ring, nicolae_uskayaw_murder_on_the_dancefloor,
          minmay_temple_entry_nine_rooms
D:7:      layout_basic, serial_shops, nicolae_stop_n_shop_2, nicolae_shop_stone,
          nicolae_square_shop, shop, shop_statue, serial_bayou,
          serial_bayou_shore_b, serial_bayou_pond_a, serial_bayou_ford_a,
          serial_bayou_shore_b, serial_bayou_pond_e, serial_bayou_lagoon_b,
          minmay_misc_feat_four_crosses
D:8:      layout_rooms, serial_shops, kennysheep_mini_moat, enter_bailey_7
D:9:      layout_cave_pods, lair_entry_dummy
D:10:     layout_stronghold, minmay_overflow_temple_star_quad,
          minmay_orc_entry_guard_dogs
Temple:   dpeg_three_leaves_temple
Lair:1:   layout_loops_ring, grunt_megastairs_3, uniq_gastronok
Lair:2:   layout_gridlike, nicolae_spider_entry_orb_guardian
Lair:3:   layout_regular_city, nicolae_swamp_entry_spooky

Skill      XL: |  1  2  3  4  5  6  7  8  9 10 11 12 |
---------------+-------------------------------------+-----
Fighting       | 3 4 5 |  5.2
Stealth        | 3 4 5 6 7 |  7.9
Unarmed Combat | 4 5 6 7 8 11 12 14 15 | 15.1
Dodging        | 3 4 5 6 7 |  7.4
Armour         | 1 2 3 4 |  4.2
Shields        | 2 3 |  3.2
Invocations    | 3 4 |  4.6

Action                     |  1- 3 |  4- 6 |  7- 9 | 10-12 || total
---------------------------+-------+-------+-------+-------++-------
  Melee: Unarmed           |   130 |   147 |   336 |   537 ||  1150
         Bite              |    31 |    39 |    91 |   200 ||   361
         Punch             |     1 |     8 |    10 |    15 ||    34
 Invoke: Heroism           |       |       |     1 |     1 ||     2
         Finesse           |       |       |       |     1 ||     1
    Use: Potion            |       |       |     6 |       ||     6
         Scroll            |       |       |       |    17 ||    17
   Stab: Sleeping          |     6 |     3 |     6 |    10 ||    25
         Distracted        |       |       |     3 |       ||     3
         Invisible         |       |       |     1 |       ||     1
         Petrified         |       |       |       |     4 ||     4
 Armour: Robe              |    10 |       |       |       ||    10
         Leather armour    |     4 |    31 |    60 |    22 ||   117
         Skin              |       |       |    11 |       ||    11
         Steam dragon scal |       |       |       |    39 ||    39
  Dodge: Dodged            |    80 |   134 |   336 |   386 ||   936
  Block: Buckler           |       |       |       |   129 ||   129
         Reflection        |       |       |       |     2 ||     2

Table legend: (Time is in decaauts)
 A = Elapsed time spent in this place.
 B = Non-inter-level travel time spent in this place.
 C = Inter-level travel time spent in this place.
 D = Time resting spent in this place.
 E = Time spent auto-exploring this place.
 F = Levels seen in this place.
 G = Mean time per level.
                   A        B        C        D        E       F      G
               +--------+--------+--------+--------+--------+-----+--------+
         Total |  10204 |   9817 |    387 |    431 |   7027 |  14 |  728.9 |
       Dungeon |   8038 |   7698 |    340 |    210 |   5599 |  10 |  803.8 |
        Temple |     88 |     85 |      3 |      0 |      0 |   1 |   88.0 |
          Lair |   2077 |   2034 |     43 |    221 |   1428 |   3 |  692.3 |
               +--------+--------+--------+--------+--------+-----+--------+

Top non-repeatable levels by time:
    D:10: 1165 daAuts
  Lair:1: 1049 daAuts
     D:1: 1021 daAuts
  Lair:2: 903 daAuts
     D:6: 863 daAuts
     D:9: 848 daAuts
     D:4: 821 daAuts
     D:7: 750 daAuts
     D:2: 741 daAuts
     D:3: 672 daAuts
     D:8: 619 daAuts
     D:5: 533 daAuts
  Lair:3: 124 daAuts
  Temple: 88 daAuts
